 Seeded DCSS version 0.28-a0-697-g47f3eba078 (webtiles) character file.

Game seed: 20211017 (custom seed)

3424 muata the Thaumaturge (level 10, -4/65 HPs)
             Began as a Djinni Fire Elementalist on Oct 17, 2021.
             Was a Follower of Makhleb.
             Slain by a yak (11 damage)
             ... on level 7 of the Dungeon on Oct 23, 2021.
             The game lasted 00:40:42 (9576 turns).

muata the Thaumaturge (Djinni Fire Elementalist)    Turns: 9576, Time: 00:40:43

Health: -4/65      AC: 11    Str: 18    XL:     10   Next: 25%
Gold:   265        EV: 13    Int: 21    God:    Makhleb [*.....] SH:  5 Dex: 20

rFire   + + .      SeeInvis .   v - +7 war axe "Bamoesu" {vorpal, rC- rCorr Str+4 Int+2 Stlth+}
rCold   x x .      Faith    .   (no shield)
rNeg    . . .      Spirit   .   y - +3 scale mail
rPois   ∞          Reflect  +   (no helmet)
rElec   .          Harm     .   L - +0 cloak
rCorr   +          Rampage  .   D - +0 pair of gloves
Will    +....                   (boots unavailable)
Stlth   ++........              b - amulet of reflection
HPRegen 0.20/turn               q - +6 ring of strength
MPRegen 0.00/turn               G - +6 ring of dexterity

@: flying
A: sickness immunity, fire resistance 2, cold vulnerability 1, float, innate
caster, hp casting, extra vitality 1
a: Renounce Religion


You were on level 7 of the Dungeon.
You worshipped Makhleb.
Makhleb was aware of your devotion.
You visited 1 branch of the dungeon, and saw 9 of its levels.

You collected 265 gold pieces.

Inventory:

Hand Weapons
 i - a +0 dagger
 n - a +0 rapier of electrocution
 v - the +7 war axe "Bamoesu" (weapon) {vorpal, rC- rCorr Str+4 Int+2 Stlth+}
   (You found it on level 5 of the Dungeon)

   It inflicts extra damage upon your enemies.
   Str:       It affects your strength (+4).
   Int:       It affects your intelligence (+2).
   rC:        It makes you vulnerable to cold.
   rCorr:     It protects you from acid and corrosion.
   Stlth:     It makes you more stealthy.
Missiles
 A - 4 boomerangs of dispersal
Armour
 a - a +0 robe
 e - a +1 leather armour of fire resistance
 y - a +3 scale mail (worn)
 D - a +0 pair of gloves (worn)
 L - a +0 cloak (worn)
Jewellery
 b - an amulet of reflection (around neck)
 q - a +6 ring of strength (left hand)
 t - a ring of protection from fire
 x - a ring of ice
 G - a +6 ring of dexterity (right hand)
 J - an amulet of faith
Wands
 w - a wand of paralysis (8) (quivered)
 z - a wand of acid (11)
 C - a wand of polymorph (6)
 K - a wand of flame (33)
Scrolls
 f - a scroll of vulnerability
 g - a scroll of silence {unknown}
 h - a scroll of enchant armour {unknown}
 l - a scroll of acquirement {unknown}
 m - 4 scrolls of magic mapping
 r - 4 scrolls of noise {unknown}
 u - a scroll of torment {unknown}
 H - a scroll of teleportation {unknown}
Potions
 c - 2 potions of might
 d - 2 potions of magic {unknown}
 j - 3 potions of brilliance {unknown}
 k - 4 potions of heal wounds {unknown}
 o - 2 potions of flight {unknown}
 p - 2 potions of invisibility {unknown}
 s - 2 potions of degeneration {unknown}
 B - 2 potions of lignification {unknown}
 E - a potion of haste {unknown}
 F - 2 potions of curing {unknown}
 I - a potion of resistance {unknown}


   Skills:
 + Level 2.5 Fighting
 - Level 3.0 Axes
 + Level 1.2 Armour
 - Level 7.0 Dodging
 - Level 1.5 Stealth
 - Level 8.2 Spellcasting
 - Level 5.0 Evocations


You had 3 spell levels left.
You knew the following spells:

 Your Spells              Type           Power      Damage    Failure   Level
a - Foxfire               Conj/Fire      100%       2x1d9     1%          1
b - Scorch                Fire           86%        2d9       1%          2
c - Conjure Flame         Conj/Fire      43%        6-21      2%          3
d - Inner Flame           Hex/Fire       43%        N/A       2%          3
e - Flame Wave            Conj/Fire      43%        3d9       9%          4
f - Shock                 Conj/Air       100%       1d9       1%          1
g - Wereblood             Tmut           43%        N/A       1%          2
h - Vampiric Draining     Necr           21%        2d9       2%          3
i - Frozen Ramparts       Ice            86%        1d10      2%          3
Your spell library was empty.

Dungeon Overview and Level Annotations

Branches:
Dungeon (9/15)             Temple (0/1) D:5
   Lair: D:8-11         Orc: D:9-12

Altars:
Ashenzari
Cheibriados
Elyvilon
Fedhas
Makhleb
Nemelex Xobeh
Sif Muna
Trog
Uskayaw
Xom

Shops:
D:3 =   D:4 =

Annotations:
D:3 exclusion: oklob plant


Innate Abilities, Weirdness & Mutations

You are immune to sickness and miasma.
You are immune to poison.
Your flesh is very heat resistant. (rF++)
You are vulnerable to cold. (rC-)
You float through the air rather than walking.
You learn spells naturally, not from books.
Your magical power is your life essence.
You have superior vitality. (+4 HP)


Message History

You start resting.
HP restored.
There is a stone staircase leading down here.
You fly downwards.
The yak gores you! The yak gores you. The yak misses you. The yak gores you!
You block the yak's attack. The yak gores you but does no damage.
The yak misses you.
There is a stone staircase leading up here.
The yak gores you.
The yak gores you! x2; The yak closely misses you.
The yak gores you.
You fly upwards.
There is a stone staircase leading down here.
Casting: Scorch (safe; 1% risk of failure)
Confirm with . or Enter, or press ? or * to list all spells.
Okay, then.
Cleave: v) +7 war axe "Bamoesu" {vorpal, rC- rCorr Str+4 Int+2 Stlth+}
Press: ? - help, Dir - move target, f - yak
Aim: a yak (about 23% to evade the +7 war axe "Bamoesu")
You hit the yak.
The yak is lightly wounded.
You hit the yak. x2; The yak gores you!
* * * LOW HITPOINT WARNING * * *
The yak gores you.
* * * LOW HITPOINT WARNING * * *
The yak gores you but does no damage. The yak closely misses you.
Cleave: v) +7 war axe "Bamoesu" {vorpal, rC- rCorr Str+4 Int+2 Stlth+}
Press: ? - help, Dir - move target, f/p - yak
Aim: a yak (lightly wounded, about 23% to evade the +7 war axe "Bamoesu")
You hit the yak.
The yak is moderately wounded.
You slash the yak! You hit the yak. The yak misses you.
You block the yak's attack. The yak barely misses you.
Cleave: v) +7 war axe "Bamoesu" {vorpal, rC- rCorr Str+4 Int+2 Stlth+}
Press: ? - help, Dir - move target, f/p - yak
Aim: a yak (moderately wounded, about 23% to evade the +7 war axe "Bamoesu")
You barely miss the yak.
The yak is moderately wounded.
You hit the yak. x2; The yak gores you but does no damage.
The yak closely misses you. The yak completely misses you.
The yak barely misses you. The yak gores you!
You die...

#..#......##..###.
###...........###.
#............#..
##...............
#................
#..##............
##Y####...........
#YY# ##..........
#@######..###.....
#Y##.....## ##..#.
##Y......# #..##
#.###...# ##.#
##.###.## ###.##
#.###.#####....#
#..#..#.........
##.........##...
##......######..#


You could see 5 yaks.

Vanquished Creatures
  A cyclops (D:6)
  A yak (D:7)
  2 steam dragons (D:6)
  3 water moccasins
  2 ice beasts
  Duvessa (D:7)
  4 black bears
  An orc warrior (D:7)
  2 sky beasts
  An ogre (D:6)
  A phantom (D:5)
  A kobold brigand (D:6)
  2 bullfrogs (D:7)
  4 scorpions
  A wyvern skeleton (D:7)
  Dowan (D:7)
  A water moccasin skeleton (D:4)
  3 howler monkeys (D:8)
  A centaur zombie (D:7)
  7 hounds
  A jelly (D:6)
  A bullfrog skeleton (D:6)
  2 centaur skeletons
  An iguana (D:5)
  An orc wizard (D:7)
  8 adders
  A white imp (D:7)
  An ufetubus (D:7)
  2 worms
  3 dart slugs
  12 orcs
  3 bats
  10 endoplasms
  2 giant cockroaches (D:2)
  6 goblins
  9 hobgoblins
  4 jackals (D:5)
  A quokka (D:2)
  3 ball pythons
  3 frilled lizards
  8 kobolds
  2 rats
124 creatures vanquished.

Vanquished Creatures (collateral kills)
  A foxfire (D:3)
1 creature vanquished.

Vanquished Creatures (others)
  437 foxfires
  A fungus (D:3)
  28 plants
  15 toadstools (D:3)
481 creatures vanquished.

Grand Total: 606 creatures vanquished

Notes
Turn   | Place    | Note
-------+----------+-------------------------------------------
     0 | D:1      | muata the Djinni Fire Elementalist began the quest for the
                  | Orb.
     0 | D:1      | Reached XP level 1. HP: 15/15 MP: 0/0
   273 | D:1      | Reached XP level 2. HP: 20/21 MP: 0/0
   273 | D:1      | Upgraded the game from 0.28-a0-674-gdaf460b524 to
                  | 0.28-a0-683-ga8797d1ae1
   599 | D:1      | Reached skill level 3 in Spellcasting
  1083 | D:1      | Upgraded the game from 0.28-a0-683-ga8797d1ae1 to
                  | 0.28-a0-691-gad6df49e81
  1361 | D:2      | Reached XP level 3. HP: 24/25 MP: 0/0
  1361 | D:2      | Learned a level 1 spell: Shock
  1369 | D:2      | Found a faded altar of an unknown god.
  1523 | D:2      | Reached skill level 1 in Fighting
  1755 | D:2      | Reached XP level 4. HP: 32/32 MP: 0/0
  2578 | D:3      | Found Reckez's Jewellery Shoppe.
  2704 | D:3      | Reached XP level 5. HP: 35/38 MP: 0/0
  2704 | D:3      | Learned a level 2 spell: Wereblood
  2982 | D:3      | Found a blossoming altar of Fedhas.
  2996 | D:3      | Noticed an oklob plant
  4088 | D:4      | Found a sparkling altar of Nemelex Xobeh.
  4110 | D:4      | Found a burning altar of Makhleb.
  4118 | D:4      | Became a worshipper of Makhleb the Destroyer
  4191 | D:4      | Reached skill level 4 in Spellcasting
  4191 | D:4      | Reached XP level 6. HP: 26/43 MP: 0/0
  4311 | D:4      | Found a hide-covered altar of Uskayaw.
  4368 | D:4      | Found Ijeethrimy's Jewellery Emporium.
  4622 | D:5      | Entered Level 5 of the Dungeon
  4653 | D:5      | Noticed an ice beast
  4666 | D:5      | Killed an ice beast
  4800 | D:5      | Noticed a black bear
  4810 | D:5      | Killed a black bear
  4811 | D:5      | Reached XP level 7. HP: 41/49 MP: 0/0
  4811 | D:5      | Learned a level 3 spell: Vampiric Draining
  4986 | D:5      | Reached skill level 5 in Dodging
  5155 | D:5      | Identified the +7 war axe "Bamoesu" {vorpal, rC- rCorr
                  | Str+4 Int+2 Stlth+}
  5187 | D:5      | Found a broken altar of Ashenzari.
  5609 | D:5      | Reached skill level 5 in Spellcasting
  5750 | D:5      | Found a staircase to the Ecumenical Temple.
  5815 | D:5      | Reached * piety under Makhleb
  5923 | D:6      | Reached XP level 8. HP: 49/54 MP: 0/0
  6124 | D:6      | Noticed a cyclops
  6139 | D:6      | Killed a cyclops
  6338 | D:6      | Reached XP level 9. HP: 38/58 MP: 0/0
  6338 | D:6      | Learned a level 3 spell: Frozen Ramparts
  6967 | D:6      | Reached skill level 5 in Evocations
  7172 | D:6      | Found a white marble altar of Elyvilon.
  7314 | D:7      | Reached skill level 6 in Spellcasting
  7724 | D:7      | Reached skill level 7 in Spellcasting
  7780 | D:7      | Found a bloodstained altar of Trog.
  7837 | D:7      | Found a snail-covered altar of Cheibriados.
  8045 | D:7      | Reached XP level 10. HP: 52/64 MP: 0/0
  8225 | D:7      | Noticed Dowan
  8229 | D:7      | Noticed Duvessa
  8244 | D:7      | Killed Dowan
  8247 | D:7      | Killed Duvessa
  8554 | D:7      | Upgraded the game from 0.28-a0-691-gad6df49e81 to
                  | 0.28-a0-697-g47f3eba078
  9175 | D:8      | Reached skill level 8 in Spellcasting
  9321 | D:8      | Found a shimmering altar of Xom.
  9436 | D:7      | Reached skill level 1 in Armour
  9576 | D:7      | Slain by a yak

Illustrated notes

Levels and vault maps discovered:
D:1:      dpeg_arrival_boxes_within_box, layout_loops_ring
D:2:      layout_basic, shapermc_ecumenical_altar_notcrosses, minmay_box_of_dots
D:3:      layout_basic, tgw_fedhas, serial_shops, shop
D:4:      layout_cave_pools, mainiacjoe_overflow_six_doors_small,
          nemelex_xobeh_ov_fountains_minmay, mainiacjoe_overflow_catwalk,
          serial_shops, shop
D:5:      layout_loops_ring, mainiacjoe_overflow_boulevard,
          minmay_temple_entry_from_below_a
D:6:      layout_cave_pods, mainiacjoe_overflow_alcove_4, kennysheep_little_box
D:7:      layout_layer_cave, trog_ov_bears_minmay, cheibriados_altar_1,
          uniq_duvessa
D:8:      layout_cave_pods, xom_teletrap_fun,
          lemuel_mausoleum_altar_kikubaaqudgha, david_lair_shrubbed, uniq_harold
D:9:      layout_basic, orc_david_3

Skill      XL: |  1  2  3  4  5  6  7  8  9 10 |
---------------+-------------------------------+-----
Spellcasting   | 3 4 5 7 8 |  8.2
Fighting       | 1 2 |  2.5
Dodging        | 3 4 6 7 |  7.0
Axes           | 3 |  3.0
Evocations     | 4 5 |  5.0
Armour         | 1 |  1.2
Stealth        | |  1.5

Action                   |  1- 3 |  4- 6 |  7- 9 | 10-12 || total
-------------------------+-------+-------+-------+-------++-------
Melee: Dagger            |     3 |     7 |       |       ||    10
       Rapier            |       |    28 |     9 |       ||    37
       War axe           |       |       |    29 |    16 ||    45
 Cast: Foxfire           |    53 |    67 |   116 |    25 ||   261
       Scorch            |       |    13 |     7 |     6 ||    26
       Shock             |       |     1 |    10 |     1 ||    12
       Conjure Flame     |       |     1 |       |     4 ||     5
  Use: Scroll            |       |     2 |     1 |       ||     3
Armor: Robe              |     3 |     3 |     9 |     1 ||    16
       Leather armour    |       |       |     2 |       ||     2
       Scale mail        |       |       |       |     8 ||     8
Dodge: Dodged            |    10 |    13 |    37 |    31 ||    91
Block: Other             |     6 |     7 |     8 |    11 ||    32
       Reflection        |       |     1 |       |     1 ||     2

Table legend: (Time is in decaauts)
 A = Elapsed time spent in this place.
 B = Non-inter-level travel time spent in this place.
 C = Inter-level travel time spent in this place.
 D = Time resting spent in this place.
 E = Time spent auto-exploring this place.
 F = Levels seen in this place.
 G = Mean time per level.
                   A        B        C        D        E       F      G
               +--------+--------+--------+--------+--------+-----+--------+
         Total |   9597 |   9166 |    431 |   2042 |   5377 |   9 | 1066.3 |
       Dungeon |   9597 |   9166 |    431 |   2042 |   5377 |   9 | 1066.3 |
               +--------+--------+--------+--------+--------+-----+--------+

Top non-repeatable levels by time:
     D:7: 2083 daAuts
     D:3: 1653 daAuts
     D:6: 1350 daAuts
     D:5: 1271 daAuts
     D:1: 1148 daAuts
     D:2: 1096 daAuts
     D:4: 727 daAuts
     D:8: 264 daAuts
     D:9: 1 daAuts
